 Dungeon Crawl Stone Soup version 0.29-a0-816-g82769f0e0c (webtiles) character file.

Game seed: 1062188055532243115

109 RepoMan the Slasher (level 4, 30/35 HPs)
             Began as a Demonspawn Cinder Acolyte on Jan 22, 2022.
             Was a High Priest of Ignis.
             Got out of the dungeon alive.
             The game lasted 00:12:58 (1430 turns).

RepoMan the Slasher (Demonspawn Cinder Acolyte)     Turns: 1430, Time: 00:12:59

Health: 30/35      AC:  6    Str: 14    XL:     4   Next: 59%
Magic:  5/5        EV: 11    Int: 16    God:    Ignis [*****.]
Gold:   77         SH:  0    Dex: 10    Spells: 3/5 levels left

rFire   + . .      SeeInvis .   a - -1 falchion (flame)
rCold   . . .      Faith    .   (no shield)
rNeg    . . .      Spirit   .   b - +0 robe
rPois   .          Reflect  .   h - +1 helmet
rElec   .          Harm     .   (no cloak)
rCorr   .          Rampage  .   (no gloves)
Will    .....                   (no boots)
Stlth   +.........              (no amulet)
HPRegen 0.11/turn               (no ring)
MPRegen 0.09/turn               (no ring)

@: no status effects
A: yellow scales 1, ignite blood 1
a: Renounce Religion, Fiery Armour, Foxfire Swarm, Rising Flame


You escaped.
You worshipped Ignis.
Ignis was extremely pleased with you.
You visited 1 branch of the dungeon, and saw 2 of its levels.

You collected 77 gold pieces.

Inventory:

Hand Weapons
 a - a -1 falchion of flaming (weapon)
Armour
 b - a +0 robe (worn)
 h - a +1 helmet (worn)
Scrolls
 e - a scroll of immolation {unknown}
Potions
 c - 4 potions of curing {unknown}
 d - a potion of resistance {unknown}
 f - a potion of attraction {unknown}
 g - 2 potions of heal wounds {unknown}


   Skills:
 + Level 3.5 Fighting
 * Level 4.1 Long Blades
 - Level 0.1 Dodging
 - Level 1.0 Spellcasting
 + Level 3.3 Fire Magic


You had 3 spell levels left.
You knew the following spells:

 Your Spells              Type           Power      Damage    Failure   Level
s - Scorch                Fire           22%        2d6       9%          2

Your spell library contained the following spells:

 Spells                   Type           Power      Damage    Failure   Level
 Freeze                   Ice            0%         1d3       22%         1
 Blink                    Tloc           0%         N/A       34%         2
 Hailstorm                Conj/Ice       0%         3d3       92%         4
 Manifold Assault         Tloc           0%         N/A       99%         5
 Simulacrum               Ice/Necr       0%         N/A       100%        6
 Storm Form               Tmut/Air       0%         N/A       100%        7


Dungeon Overview and Level Annotations

Branches:
Dungeon (2/15)

Altars:


Innate Abilities, Weirdness & Mutations

You are partially covered in yellow scales. (AC +2)
Your demonic aura sometimes causes spilled blood to erupt in flames.


Message History

You closely miss the quokka.
Your fiery armour burns out.
The quokka barely misses you.
You slash the quokka! You burn the quokka.
You kill the quokka!
Items here: ) [[ †.
h - a +1 helmet You start putting on your armour.
You continue putting on your +1 helmet. x4
You finish putting on your +1 helmet.
You see here a quokka corpse.
You see here a staff of cold.
You now have 77 gold pieces (gained 4).
Save game and exit?
Welcome back, RepoMan the Demonspawn Cinder Acolyte.
The flames of Ignis gently warm you.
Press ? for a list of commands and other information.
Save game and exit?
Welcome back, RepoMan the Demonspawn Cinder Acolyte.
The flames of Ignis gently warm you.
Press ? for a list of commands and other information.
Save game and exit?
Okay, then.
You are a level 4 Demonspawn Cinder Acolyte.
You are 59% of the way to level 5.
Play time: 00:12:01 (1386 turns).
Zot will find you in 10606 turns if you stay in this branch and explore no new floors.
Save game and exit?
Welcome back, RepoMan the Demonspawn Cinder Acolyte.
The flames of Ignis gently warm you.
Press ? for a list of commands and other information.
You open the door.
There is an open door here.
Magic restored.
There is a stone staircase leading down here.
There is a stone staircase leading up here.
You climb upwards.
There is a stone staircase leading down here.
There is an open door here.
There is a staircase leading out of the dungeon here.
Are you sure you want to leave the Dungeon?
This will make you lose the game!
You have escaped!

# #.##..#.............#####.# #
#.##..#.#..####'##..# #.# #
#.##.......##...##..# #.# #
#.##.##....#.###.#..# #.. #####
#.##.###...#.#8#.#..# #.# ÷...#
#.##.# ##..#.##'.#..# #.. ###.#
#.##.###...##...##..# #.# # #.#
#.##.......####'##..# #.. # #.#
#.#######.@.).......# ####
###.###.##.## #...........# ##.##
............####.........####...#
...............+.........'.......
####.##.....####.........####...#
# #.####..## ##.......## ##.## #
#.# #..# ##.....## #### #.####..#
##...## # #.......# ##'## #


There were no monsters in sight!

Vanquished Creatures
  Natasha (twice) (D:2)
  Robin (D:2)
  3 dart slugs
  2 ball pythons (D:2)
  3 bats (D:1)
  An endoplasm (D:1)
  A giant cockroach (D:1)
  11 goblins (D:2)
  4 hobgoblins (D:2)
  3 jackals (D:2)
  3 quokkas
  3 kobolds (D:1)
  2 rats (D:1)
39 creatures vanquished.

Vanquished Creatures (others)
  23 foxfires (D:2)
  A plant (D:1)
  2 withered plants (D:1)
26 creatures vanquished.

Grand Total: 65 creatures vanquished

Notes
Turn   | Place    | Note
-------+----------+-------------------------------------------
     0 | D:1      | RepoMan the Demonspawn Cinder Acolyte began the quest for
                  | the Orb.
     0 | D:1      | Reached XP level 1. HP: 18/18 MP: 2/2
    55 | D:1      | Found a faded altar of an unknown god.
   293 | D:1      | Reached skill level 3 in Long Blades
   293 | D:1      | Gained mutation: Your demonic aura sometimes causes spilled
                  | blood to erupt in flames. [demonic ancestry]
   293 | D:1      | Reached XP level 2. HP: 16/24 MP: 3/3
  1225 | D:2      | Got Sif Muna's Reference Book on Ice
  1232 | D:2      | Noticed Natasha
  1234 | D:2      | Noticed a crimson imp
  1243 | D:2      | Killed Natasha
  1244 | D:2      | Gained mutation: You are partially covered in yellow
                  | scales. (AC +2) [demonic ancestry]
  1244 | D:2      | Reached XP level 3. HP: 17/29 MP: 4/4
  1255 | D:2      | Learned a level 2 spell: Scorch
  1270 | D:2      | Noticed Natasha
  1276 | D:2      | Killed Natasha
  1277 | D:2      | Reached XP level 4. HP: 19/35 MP: 2/5
  1323 | D:2      | Noticed Robin
  1330 | D:2      | Reached skill level 4 in Long Blades
  1342 | D:2      | Killed Robin
  1386 | D:2      | Upgraded the game from 0.28-a0-1616-g050a50673c to
                  | 0.29-a0-816-g82769f0e0c
  1430 | D:$      | Got out of the dungeon alive.

Illustrated notes

Levels and vault maps discovered:
D:1:      minmay_arrival_stone_box, layout_loops_corners,
          shapermc_ecumenical_altar_flowoftime, minmay_pentomino_p2
D:2:      layout_basic, minmay_between, uniq_robin, uniq_natasha, uniq_terence

Skill      XL: |  1  2  3  4 |
---------------+-------------+-----
Long Blades    | 3 4 |  4.1
Fire Magic     | 3 |  3.3
Fighting       | |  3.5
Dodging        | |  0.1
Spellcasting   | |  1.0

Action                   |  1- 3 |  4- 6 || total
-------------------------+-------+-------++-------
Melee: Falchion          |    46 |    11 ||    57
 Cast: Scorch            |     1 |     3 ||     4
Invok: Foxfire Swarm     |     1 |       ||     1
       Fiery Armour      |     1 |       ||     1
Armor: Robe              |     8 |     9 ||    17
Dodge: Dodged            |    39 |    11 ||    50

Table legend: (Time is in decaauts)
 A = Elapsed time spent in this place.
 B = Non-inter-level travel time spent in this place.
 C = Inter-level travel time spent in this place.
 D = Time resting spent in this place.
 E = Time spent auto-exploring this place.
 F = Levels seen in this place.
 G = Mean time per level.
                   A        B        C        D        E       F      G
               +--------+--------+--------+--------+--------+-----+--------+
         Total |   1438 |   1382 |     56 |    205 |    862 |   2 |  719.0 |
       Dungeon |   1438 |   1382 |     56 |    205 |    862 |   2 |  719.0 |
               +--------+--------+--------+--------+--------+-----+--------+

Top non-repeatable levels by time:
     D:1: 1149 daAuts
     D:2: 288 daAuts
